 Seeded DCSS version 0.30.1-4-g462c640d31 (webtiles) character file.

Game seed: 701750224110604655 (custom seed)

2431 CarvArkoylaein the Spear-Bearer (level 9, -3/69 HPs)
             Began as a Merfolk Gladiator on Sept 13, 2023.
             Was a Follower of Okawaru.
             Slain by a gnoll
             ... wielding a +0 whip
             ... led by a gnoll bouda
              (4 damage)
             ... on level 7 of the Dungeon.
             The game lasted 00:21:22 (6143 turns).

CarvArkoylaein the Spear-Bearer (Merfolk Gladiator) Turns: 6143, Time: 00:21:23

Health: -3/69      AC: 17    Str: 19    XL:     9   Next: 48%
Magic:  9/9        EV:  3    Int:  7    God:    Okawaru [*.....]
Gold:   329        SH:  0    Dex: 15    Spells: 8/8 levels left

rFire   . . .        n - +9 bardiche of Wu Jian, Growing {freeze, rN+ SInv}
rCold   . . .        (shield currently unavailable)
rNeg    + . .        g - +0 crystal plate armour
rPois   .            c - +0 helmet
rElec   .            (no cloak)
rCorr   .            (no gloves)
SInv    +            (no boots)
Will    .....        (no amulet) Stlth
                     (no ring)
HPRegen 0.31/turn    (no ring)
MPRegen 0.11/turn

%: no passive effects
@: lethally poisoned (-3 -> -6), weakened, slowed, very slow
A: (nimble swimmer 2), mertail
a: Renounce Religion, Heroism


You were on level 7 of the Dungeon.
You worshipped Okawaru.
Okawaru was aware of your devotion.
You visited 2 branches of the dungeon, and saw 8 of its levels.

You collected 329 gold pieces.

Inventory:

Hand Weapons
 a - a +0 trident of electrocution
 n - the +9 bardiche of Wu Jian, Growing (weapon) {freeze, rN+ SInv}
   (You found it on level 2 of the Dungeon)

   rN:        It protects you from negative energy.
   SInv:      It lets you see invisible.
Missiles
 d - a throwing net (quivered)
 e - a javelin
Armour
 b - a +0 leather armour
 c - a +0 helmet (worn)
 g - a +0 crystal plate armour (worn)
 l - a +1 scale mail of cold resistance
Jewellery
 f - a ring of positive energy
 s - a +4 ring of slaying
Wands
 i - a wand of digging (8)
 q - a wand of flame (17)
Scrolls
 h - 2 scrolls of teleportation
 m - a scroll of enchant weapon
 t - a scroll of identify {unknown}
 u - a scroll of fog
 v - a scroll of noise {unknown}
Potions
 j - a potion of invisibility {unknown}
 k - a potion of curing
 p - a potion of berserk rage {unknown}
 r - a potion of degeneration {unknown}


   Skills:
 + Level 5.6 Fighting
 + Level 13.2 Polearms
 + Level 2.4 Throwing
 + Level 3.4 Armour
 + Level 5.2 Dodging
 + Level 1.3 Stealth
 + Level 1.0 Evocations


You had 8 spell levels left.
You didn't know any spells.
Your spell library contained the following spells:

 Spells                   Type           Power      Damage    Failure   Level
 Apportation              Tloc           0%         N/A       100%        1
 Necrotise                Necr           0%         1d4       100%        1
 Shock                    Conj/Air       0%         1d3       100%        1
 Blink                    Tloc           0%         N/A       100%        2
 Lesser Beckoning         Tloc           0%         N/A       100%        2
 Momentum Strike          Conj/Tloc      0%         3d8       100%        2
 Gell's Gravitas          Tloc           0%         N/A       100%        3
 Swiftness                Air            0%         N/A       100%        3
 Teleport Other           Tloc           0%         N/A       100%        3
 Airstrike                Air            0%         2d(0-16)  100%        4
 Alistair's Intoxication  Tmut/Pois      0%         N/A       100%        5
 Summon Small Mammal      Summ           Unusable   N/A       N/A         1

Dungeon Overview and Level Annotations

Branches:
Dungeon (7/15)             Temple (1/1) D:6

Altars:
Ashenzari
Cheibriados
Elyvilon
Gozag
Hepliaklqana
Kikubaaqudgha
Makhleb
Nemelex Xobeh
Okawaru
Qazlal
Ru
Sif Muna
Trog
Vehumet
Wu Jian
Xom
Yredelemnul
Zin
The Shining One

Shops:
D:1 =   D:6 **


Innate Abilities, Weirdness & Mutations

((You are very nimble when in or above water. (Stealth+, EV+, Speed+++)))
Your lower body shifts to a powerful aquatic tail in water.


Message History

The gnoll attacks as you move away! The gnoll completely misses you.
A kobold comes into view. It is wielding a +0 club.
The kobold shouts!
You hear a shout! x2
The gnoll hits you with a +0 whip. The kobold hits you with a +0 dagger.
A kobold brigand comes into view.
It is wielding a +0 dagger of holy wrath and quivering curare-tipped darts.
The gnoll hits you with a +0 whip!
The kobold moves out of view.
You hit the kobold. You freeze the kobold.
You kill the kobold!
Okawaru accepts your kill.
The gnoll is no longer moving quickly.
The bullfrog hits you. x2
The gnoll hits you from afar with a +0 halberd.
The kobold brigand throws a curare-tipped dart.
The curare-tipped dart hits you.
You are poisoned.
You have difficulty breathing.
You feel yourself slow down. The gnoll hits you but does no damage.
The gnoll hits you with a +0 whip.
You slash the bullfrog!
The bullfrog seems to slow down.
You freeze the bullfrog.
The bullfrog is almost dead.
You feel sick.
The gnoll is no longer moving quickly. x2
The bullfrog hits you but does no damage.
The gnoll hits you from afar with a +0 halberd.
The gnoll hits you but does no damage.
The gnoll hits you from afar with a +0 halberd!
* * * LOW HITPOINT WARNING * * *
The bullfrog hits you but does no damage.
The gnoll bouda gazes fiercely through you!
You feel as though you will be weak longer.
The bullfrog hits you but does no damage.
The gnoll hits you with a +0 whip.
* * * LOW HITPOINT WARNING * * *
The gnoll hits you with a +0 whip.
* * * LOW HITPOINT WARNING * * *
The gnoll hits you but does no damage. x2; The gnoll barely misses you.
The bullfrog hits you but does no damage.
A white imp comes into view.
A kobold comes into view. It is wielding a +0 short sword.
The kobold throws a stone.
The stone hits you but does no damage. The gnoll hits you with a +0 whip.
You die...

## .## . ... .. #.
..####..5 #.# #.#..KK.K
... #.# #...... ...###
#.###g).#
...(..######..gF@..#
.......#.......Fgg.#.#
...........<..gg......#
.......................#
......†................#
......<................#
........................
.##....#...#...?...$..#.
#.##....###...#......


You could see a kobold brigand, 2 bullfrogs, a gnoll bouda, 5 gnolls, a white
imp (wandering) and 2 kobolds.

Vanquished Creatures
  Grinder (D:4)
  A water moccasin (D:6)
  An ice beast (D:6)
  3 black bears
  An orc warrior (D:6)
  2 ogres (D:4)
  3 scorpions
  A gnoll sergeant (D:5)
  3 wights (D:6)
  4 howler monkeys (D:5)
  5 hounds (D:5)
  3 orc priests (D:6)
  Crazy Yiuf (D:4)
  A jelly (D:4)
  5 iguanas
  4 orc wizards
  2 sleepcaps (D:5)
  13 gnolls (D:5)
  9 adders
  2 shadow imps (D:6)
  3 worms
  3 dart slugs
  34 orcs
  3 ball pythons (D:2)
  4 endoplasms
  5 goblins
  7 hobgoblins
  19 jackals
  A quokka (D:1)
  6 bats
  A frilled lizard (D:1)
  10 kobolds
  A rat (D:1)
162 creatures vanquished.

Notes
Turn   | Place    | Note
-------+----------+-------------------------------------------
     0 | D:1      | CarvArkoylaein the Merfolk Gladiator began the quest for
                  | the Orb.
     0 | D:1      | Reached XP level 1. HP: 16/16 MP: 1/1
    94 | D:1      | Found Dumaxi's Jewellery Emporium.
   133 | D:1      | Reached XP level 2. HP: 21/22 MP: 2/2
   653 | D:1      | Reached XP level 3. HP: 28/28 MP: 3/3
  1149 | D:2      | Identified the +9 bardiche of Wu Jian, Growing {freeze, rN+
                  | SInv}
  1200 | D:2      | Reached skill level 5 in Polearms
  1230 | D:2      | Reached XP level 4. HP: 34/34 MP: 4/4
  1676 | D:3      | You fall into a shaft and drop 3 floors!
  1689 | D:5      | Entered Level 5 of the Dungeon
  1729 | D:4      | Found a hazy altar of Hepliaklqana.
  1790 | D:4      | Reached XP level 5. HP: 27/41 MP: 5/5
  1932 | D:4      | Noticed an ogre
  1933 | D:4      | Killed an ogre
  1934 | D:4      | Reached skill level 6 in Polearms
  1934 | D:4      | Reached skill level 1 in Armour
  1934 | D:4      | Reached skill level 1 in Stealth
  1941 | D:4      | Noticed Grinder
  1948 | D:4      | Killed Grinder
  1949 | D:4      | Reached skill level 7 in Polearms
  1949 | D:4      | Reached skill level 5 in Dodging
  1949 | D:4      | Reached XP level 6. HP: 39/48 MP: 6/6
  2192 | D:4      | Reached skill level 8 in Polearms
  2192 | D:4      | Reached XP level 7. HP: 53/53 MP: 7/7
  2312 | D:4      | Identified the +5 short sword "Qiynaa" {flame, Str+4 SInv}
  2531 | D:4      | Found a runed translucent door.
  2532 | D:4      | Noticed Crazy Yiuf
  2537 | D:4      | Killed Crazy Yiuf
  2647 | D:5      | Reached skill level 9 in Polearms
  2803 | D:5      | Reached XP level 8. HP: 60/60 MP: 8/8
  2910 | D:5      | Found a white marble altar of Elyvilon.
  2910 | D:5      | Found a stormy altar of Qazlal.
  2911 | D:5      | Found a glowing golden altar of the Shining One.
  3662 | D:5      | Reached skill level 10 in Polearms
  3736 | D:5      | Found a radiant altar of Vehumet.
  3829 | D:5      | Found a basalt altar of Yredelemnul.
  4370 | D:5      | Reached skill level 11 in Polearms
  5022 | D:6      | Reached skill level 5 in Fighting
  5193 | D:6      | Found Zow Oto's General Store.
  5195 | D:6      | Found Arghoenn's Specific Store.
  5198 | D:6      | Reached XP level 9. HP: 52/68 MP: 9/9
  5202 | D:6      | Reached skill level 12 in Polearms
  5202 | D:6      | Reached skill level 1 in Evocations
  5476 | D:6      | Found a staircase to the Ecumenical Temple.
  5482 | Temple   | Entered the Ecumenical Temple
  5580 | Temple   | Became a worshipper of Warmaster Okawaru
  5952 | D:6      | Reached skill level 13 in Polearms
  6125 | D:7      | Reached * piety under Okawaru
  6143 | D:7      | HP: 1/69 [gnoll/+0 whip[a gnoll bouda] (6)]
  6143 | D:7      | Slain by a gnoll

Illustrated notes

Levels and vault maps discovered:
D:1:      dpeg_arrival_orchard, layout_loops_ring, serial_shops, shop
D:2:      layout_loops_cross
D:3:      layout_basic, portal_sewer_entry_b, kennysheep_nub,
          serial_bayou_pond_d
D:4:      layout_loops_cross, mainiacjoe_overflow_brackets, uniq_grinder,
          uniq_crazy_yiuf_cottage
D:5:      lemuel_castle_with_subvaults [lemuel_castle_interior_carwin_2],
          layout_gridville, vehumet_crystals, lemuel_doored_altar,
          gammafunk_temple_overflow_forgotten, kennysheep_small_square
D:6:      layout_loops_cross, minmay_temple_entry_gardened_gates,
          chequers_jeans, nicolae_specific_store
D:7:      layout_rooms, minmay_liquid_box, hellmonk_guarded_unrand_lears
Temple:   dshaligram_water_room_temple

Skill      XL: |  1  2  3  4  5  6  7  8  9 |
---------------+----------------------------+-----
Polearms       | 5 7 8 9 11 13 | 13.2
Fighting       | 3 4 5 |  5.6
Armour         | 1 2 3 |  3.4
Stealth        | 1 |  1.3
Dodging        | 5 |  5.2
Evocations     | 1 |  1.0
Throwing       | |  2.4

Action                     |  1- 3 |  4- 6 |  7- 9 || total
---------------------------+-------+-------+-------++-------
  Melee: Trident           |    67 |       |       ||    67
         Bardiche          |     3 |    52 |   203 ||   258
         Tailslap          |       |       |     1 ||     1
  Throw: Throwing net      |       |       |     3 ||     3
  Evoke: Wand              |       |       |     4 ||     4
    Use: Scroll            |     1 |     7 |     1 ||     9
         Potion            |     1 |     6 |     4 ||    11
   Stab: Sleeping          |     1 |       |       ||     1
 Armour: Leather armour    |     7 |       |       ||     7
         Scale mail        |     5 |    33 |       ||    38
         Crystal plate arm |       |     7 |   265 ||   272
  Dodge: Dodged            |    45 |    28 |    50 ||   123
